 Dungeon Crawl Stone Soup version 0.27-a0-75-g9f9dfd16e9 (webtiles) character file.

Game seed: 16333819957013459651

457 kae the Changer (level 7, -1/43 HPs)
             Began as an Octopode Transmuter on Jan 12, 2021.
             Slain by a lemure (9 damage)
             ... led by Pikel
             ... on level 3 of the Dungeon.
             The game lasted 00:02:49 (4772 turns).

kae the Changer (Octopode Transmuter)               Turns: 4772, Time: 00:02:50

Health: -1/43      AC:  1    Str: 11    XL:     7   Next: 6%
Magic:  12/13      EV: 13    Int: 16    God:
Gold:   158        SH:  0    Dex: 12    Spells: 10/14 levels left

rFire    . . .     SeeInvis .     - Unarmed
rCold    . . .     Faith    .   (no shield)
rNeg     . . .     Spirit   .   (helmet restricted)
rPois    .         Reflect  .   (no amulet)
rElec    .         Harm     .   c - ring of wizardry
rCorr    .         Rampage  .   (no ring)
Will     .....                  (no ring)
Stlth    ++........             (no ring)
HPRegen  0.14/turn              (no ring)
MPRegen  0.13/turn              (no ring)
                                (no ring)
                                (no ring)

@: no status effects
A: almost no armour, stealthy swim, amphibious, 8 rings, constrict 8, camouflage
1, gelatinous body 1
a: no special abilities


You were on level 3 of the Dungeon.
You visited 1 branch of the dungeon, and saw 4 of its levels.

You collected 158 gold pieces.

Inventory:

Jewellery
 c - a ring of wizardry (left tentacle)
Scrolls
 a - a scroll of remove curse
 b - a scroll of fog {unknown}
 k - 5 scrolls of teleportation
Potions
 d - 2 potions of might
 e - a potion of ambrosia
 f - a potion of lignification
 g - a potion of mutation {unknown}
 h - a potion of brilliance {unknown}
 i - 3 potions of invisibility {unknown}
 j - a potion of cancellation {unknown}
 l - a potion of flight {unknown}


   Skills:
 - Level 1.3 Fighting
 - Level 2.3 Dodging
 - Level 3.4 Unarmed Combat
 + Level 4.0 Spellcasting
 + Level 4.3 Transmutations
 + Level 4.2 Poison Magic


You had 10 spell levels left.
You knew the following spells:

 Your Spells              Type           Power        Failure   Level
a - Beastly Appendage     Tmut           34%          1%          1
b - Spider Form           Tmut/Pois      8%           3%          3

Your spell library contained the following spells:

 Spells                   Type           Power        Failure   Level
 Wereblood                Tmut           17%          1%          2
 Ice Form                 Ice/Tmut       10%          26%         4
 Blade Hands              Tmut           8%           30%         5


Dungeon Overview and Level Annotations

Branches:
Dungeon (4/15)
 Temple: D:4-7

Altars:
Gozag
Yredelemnul
Zin

Annotations:
D:4 Pikel


Innate Abilities, Weirdness & Mutations

You cannot wear most types of armour.
You are very stealthy in the water. (Stealth+)
You are amphibious.
You can wear up to eight rings at the same time.
You can use your tentacles to constrict eight enemies at once.
Your skin changes colour to match your surroundings (Stealth+).
Your rubbery body absorbs attacks. (AC +1, EV +1)


Message History

The lemure hits you.
You closely miss the lemure. You grab the lemure.
You squeeze the lemure, but do no damage.
The lemure is lightly wounded.
You constrict the lemure. The lemure hits you!
* * * LOW HITPOINT WARNING * * *
You tentacle-slap the lemure but do no damage.
You squeeze the lemure, but do no damage.
The lemure is moderately wounded.
You constrict the lemure, but do no damage.
The lemure closely misses you.
Saving game... please wait.
Welcome back, kae the Octopode Transmuter.
Press ? for a list of commands and other information.
A lemure is nearby!
A lemure is nearby!
You tentacle-slap the lemure.
The lemure is moderately wounded.
You constrict the lemure. The lemure hits you!
You die...

##'########....... #.#
######## #.#
######.########
#......#......# ######
#.###..#......# #.....
#.# #..'......# #†....
#.####.#......###.....
#....@5.........'.....
########......###.....
#......# #.....
#......# ######
#......#####
###........#
#########.# #.....#
#.# #.###.###.#


You could see a lemure.

Vanquished Creatures
  Sigmund (D:2)
  A lemure (D:3)
  A scorpion (D:4)
  An orc priest (D:3)
  Natasha (twice) (D:3)
  An orc wizard (D:3)
  A worker ant (D:4)
  6 adders
  3 oozes
  A dart slug (D:1)
  2 leopard geckos
  6 orcs (D:3)
  5 bats
  7 giant cockroaches
  6 goblins
  11 hobgoblins
  A quokka (D:3)
  7 frilled lizards
  3 kobolds (D:1)
  5 rats (D:2)
71 creatures vanquished.

Vanquished Creatures (others)
  4 plants (D:4)
4 creatures vanquished.

Grand Total: 75 creatures vanquished

Notes
Turn   | Place    | Note
-------+----------+-------------------------------------------
     0 | D:1      | kae the Octopode Transmuter began the quest for the Orb.
     0 | D:1      | Reached XP level 1. HP: 13/13 MP: 3/3
   400 | D:1      | Reached XP level 2. HP: 16/18 MP: 3/5
   794 | D:1      | Reached XP level 3. HP: 21/23 MP: 4/6
   798 | D:1      | Learned a level 3 spell: Spider Form
  1658 | D:2      | Reached skill level 1 in Poison Magic
  1832 | D:2      | Reached XP level 4. HP: 26/28 MP: 7/7
  2203 | D:2      | Found a basalt altar of Yredelemnul.
  2743 | D:2      | Noticed Sigmund
  2744 | D:2      | Found an opulent altar of Gozag.
  2744 | D:2      | Found a glowing silver altar of Zin.
  2759 | D:2      | Killed Sigmund
  2760 | D:2      | Reached XP level 5. HP: 13/33 MP: 6/10
  2760 | D:2      | Reached XP level 6. HP: 15/38 MP: 6/11
  3646 | D:3      | Noticed Natasha
  3656 | D:3      | Killed Natasha
  3876 | D:3      | Noticed Natasha
  3887 | D:3      | Killed Natasha
  4567 | D:4      | Reached XP level 7. HP: 43/43 MP: 9/13
  4739 | D:4      | Noticed Pikel
  4772 | D:3      | Slain by a lemure

Illustrated notes

Levels and vault maps discovered:
D:1:      mrwooster_arrival_arrow, layout_loops_ring, eino_curves_01
D:2:      layout_basic, grunt_temple_overflow_gold_and_silver,
          lemuel_round_altar, serial_curves, eino_curves_02, eino_curves_02,
          uniq_sigmund
D:3:      layout_basic, minmay_misc_feat_doors, uniq_natasha
D:4:      layout_basic, grunt_temple_overflow_open, kennysheep_mini_moat,
          serial_bayou_pond_c, uniq_pikel

Skill      XL: |  1  2  3  4  5  6 |
---------------+-------------------+-----
Poison Magic   | 1 3 4 |  4.2
Transmutations | 3 4 |  4.3
Spellcasting   | 3 4 |  4.0
Fighting       | |  1.3
Dodging        | |  2.3
Unarmed Combat | |  3.4

Action                   |  1- 3 |  4- 6 |  7- 9 || total
-------------------------+-------+-------+-------++-------
Melee: Unarmed           |    65 |   117 |    18 ||   200
       Constrict         |    17 |     7 |     1 ||    25
       Kick              |    11 |     6 |       ||    17
       Tentacles         |     6 |     6 |     2 ||    14
       Punch             |     2 |     2 |       ||     4
 Cast: Beastly Appendage |    16 |     7 |       ||    23
       Spider Form       |     2 |    16 |     3 ||    21
  Use: Scroll            |       |     9 |       ||     9
 Stab: Sleeping          |     3 |     2 |       ||     5
Armor: Skin              |     6 |    14 |       ||    20
Dodge: Dodged            |    45 |    82 |    21 ||   148

Table legend: (Time is in decaauts)
 A = Elapsed time spent in this place.
 B = Non-inter-level travel time spent in this place.
 C = Inter-level travel time spent in this place.
 D = Time resting spent in this place.
 E = Time spent auto-exploring this place.
 F = Levels seen in this place.
 G = Mean time per level.
                   A        B        C        D        E       F      G
               +--------+--------+--------+--------+--------+-----+--------+
         Total |   4762 |   4719 |     43 |    849 |   3238 |   4 | 1190.5 |
       Dungeon |   4762 |   4719 |     43 |    849 |   3238 |   4 | 1190.5 |
               +--------+--------+--------+--------+--------+-----+--------+

Top non-repeatable levels by time:
     D:1: 1588 daAuts
     D:2: 1536 daAuts
     D:3: 1439 daAuts
     D:4: 198 daAuts
